 Dungeon Crawl Stone Soup version 0.30.1-11-g7821555f0a (webtiles) character file.

Game seed: 10789599580192396383

105 Peloso the Covered (level 4, 0/60 HPs)
             Began as a Minotaur Fighter on Nov 2, 2023.
             Succumbed to a water moccasin's poison
             ... in a sewer.
             The game lasted 00:04:13 (1366 turns).

Peloso the Covered (Minotaur Fighter)               Turns: 1366, Time: 00:04:14

Health: 0/60       AC:  9    Str: 20    XL:     4   Next: 53%
Magic:  3/3        EV:  9    Int:  5    God:
Gold:   109        SH:  5    Dex: 12    Spells: 3/3 levels left

rFire   . . .        a - +0 long sword (flame)
rCold   . . .        d - +0 buckler
rNeg    . . .        b - +0 scale mail
rPois   .            (helmet restricted)
rElec   .            h - +0 cloak
rCorr   .            (no gloves)
SInv    .            c - +0 pair of boots
Will    .....        (no amulet) Stlth
                     (no ring)
HPRegen 0.30/turn    (no ring)
MPRegen 0.08/turn

%: no passive effects
@: berserking, lethally poisoned (0 -> -3), very quick
A: horns 2, retaliatory headbutt
a: no special abilities


You were in a sewer.
You visited 1 branch of the dungeon, and saw 3 of its levels.
You also visited: Sewer.

You collected 109 gold pieces.

Inventory:

Hand Weapons
 a - a +0 long sword of flaming (weapon)
Armour
 b - a +0 scale mail (worn)
 c - a +0 pair of boots (worn)
 d - a +0 buckler (worn)
 h - a +0 cloak (worn)
Jewellery
 o - an amulet of magic regeneration
 r - the ring "Yzxahoy" {rF+ rC+ Str+3 Dex-2}
   (You found it on level 2 of the Dungeon)

   [ring of protection from cold]

   Str:       It affects your strength (+3).
   Dex:       It affects your dexterity (-2).
   rF:        It protects you from fire.
   rC:        It protects you from cold.
 t - a +6 ring of strength
Scrolls
 e - a scroll of brand weapon
 g - 2 scrolls of noise {unknown}
 i - a scroll of vulnerability {unknown}
 j - a scroll of teleportation {unknown}
 k - 2 scrolls of magic mapping {unknown}
 l - a scroll of immolation {unknown}
 m - 2 scrolls of identify {unknown}
 q - 2 scrolls of enchant weapon {unknown}
Potions
 f - 2 potions of might
 p - a potion of curing {unknown}
 s - a potion of attraction {unknown}


   Skills:
 + Level 4.2 Fighting
 + Level 4.1 Long Blades
 + Level 4.4 Armour
 + Level 0.8 Dodging
 + Level 4.0 Shields


You had 3 spell levels left.
You didn't know any spells.
Your spell library was empty.

Dungeon Overview and Level Annotations

Branches:
Dungeon (3/15)              Sewer (1/1)

Altars:

Annotations:
D:3 Ijyb


Innate Abilities, Weirdness & Mutations

You have a pair of horns on your head.
You reflexively headbutt those who attack you in melee.


Message History

The water moccasin is lightly wounded.
You feel very sick. The water moccasin bites you. The water moccasin bites you!
You miss the water moccasin. You headbutt the water moccasin.
The water moccasin is lightly wounded.
You feel sick. The water moccasin bites you.
You are more poisoned.
The water moccasin poisons you! The water moccasin closely misses you.
You miss the water moccasin.
The water moccasin is lightly wounded.
You feel very sick.
The water moccasin bites you but does no damage. x2
You barely miss the water moccasin.
Your headbutt misses the water moccasin.
The water moccasin is lightly wounded.
You feel very sick.
The water moccasin bites you but does no damage.
You completely miss the water moccasin.
Your headbutt misses the water moccasin.
The water moccasin is lightly wounded.
You feel sick. The water moccasin barely misses you. You furiously retaliate!
You headbutt the water moccasin. The water moccasin bites you.
* * * LOW HITPOINT WARNING * * *
You completely miss the water moccasin.
The water moccasin is moderately wounded.
* * * LOW HITPOINT WARNING * * *
You feel sick. You block the water moccasin's attack.
The water moccasin bites you.
* * * LOW HITPOINT WARNING * * *
Unknown command.
It was a potion of berserk rage.
A red film seems to cover your vision as you go berserk!
You feel yourself moving faster!
You feel mighty!
* * * LOW HITPOINT WARNING * * *
You feel sick. The water moccasin barely misses you.
You are too berserk!
Unknown command.
You miss the water moccasin.
The water moccasin is moderately wounded.
You die...

## ~# ~# ~#
######## ~##
###......### ~.#
###..~~.~~~..###
~.#
###..~..####@S..~#
~.###...~.###
###.~~~.#
~..~.~...##
#..~...
~.###.~..~# ~.~~##
~.# ###..~~.#
.##~? ~.# ###.~~.~
## ? ~## ##.~.. ~#
#### ~#


You could see a water moccasin.

Vanquished Creatures
  Natasha (D:3)
  3 adders
  A river rat (D:3)
  2 worms (D:2)
  4 bats
  5 endoplasms
  2 giant cockroaches (D:3)
  3 goblins
  4 hobgoblins
  4 jackals
  A quokka (D:2)
  A ball python (D:1)
  A frilled lizard (D:1)
  2 kobolds
  5 rats
39 creatures vanquished.

Notes
Turn   | Place    | Note
-------+----------+-------------------------------------------
     0 | D:1      | Peloso the Minotaur Fighter began the quest for the Orb.
     0 | D:1      | Reached XP level 1. HP: 19/19 MP: 0/0
   230 | D:1      | Reached XP level 2. HP: 27/27 MP: 1/1
   804 | D:2      | Reached XP level 3. HP: 33/33 MP: 2/2
   952 | D:2      | Identified the ring "Yzxahoy" {rF+ rC+ Str+3 Dex-2}
  1205 | D:3      | Noticed Natasha
  1206 | D:3      | Found a glowing drain.
  1215 | D:3      | Killed Natasha
  1216 | D:3      | Reached XP level 4. HP: 13/40 MP: 3/3
  1283 | D:3      | Noticed Ijyb
  1285 | Sewer    | Entered a sewer
  1353 | Sewer    | Noticed a water moccasin
  1364 | Sewer    | HP: 2/40 [poisoned by a water moccasin]
  1366 | Sewer    | Succumbed to a water moccasin's poison

Illustrated notes

Levels and vault maps discovered:
D:1:      wander_arrival_fairy_ring, layout_basic
D:2:      layout_rooms, minmay_heptomino_o4
D:3:      layout_basic, lemuel_round_altar, portal_sewer_entry_a, uniq_ijyb,
          uniq_natasha
Sewer:    sewer_the_moccasin

Skill      XL: |  1  2  3  4 |
---------------+-------------+-----
Armour         | 4 |  4.4
Fighting       | 4 |  4.2
Long Blades    | 3 4 |  4.1
Shields        | 4 |  4.0
Dodging        | |  0.8

Action                     |  1- 3 |  4- 6 || total
---------------------------+-------+-------++-------
  Melee: Long sword        |    88 |    17 ||   105
         Headbutt          |    13 |     1 ||    14
    Use: Potion            |     2 |     1 ||     3
         Scroll            |     1 |       ||     1
 Armour: Scale mail        |    64 |    10 ||    74
  Dodge: Dodged            |    71 |     6 ||    77
  Block: Buckler           |    27 |     7 ||    34
